 Dungeon Crawl Stone Soup version 0.18.1-50-g88ac8fd (webtiles) character file.

112 go0n the Ducker (level 4, -2/40 HPs)
             Began as a Draconian Berserker on Sept 29, 2016.
             Was a Believer of Trog.
             Slain by Natasha (3 damage)
             ... on level 3 of the Dungeon.
             The game lasted 00:07:29 (2263 turns).

go0n the Ducker (Draconian Berserker)               Turns: 2263, Time: 00:07:30

Health: -2/40      AC:  7    Str: 20    XL:     4   Next: 64%
Magic:  4/4        EV: 13    Int: 16    God:    Trog [**....]
Gold:   126        SH:  3    Dex: 12    Spells: 0 memorised, 3 levels left

rFire  . . .     SeeInvis .     k - +0 spear
rCold  . . .     Gourm    .     (armour unavailable)
rNeg   . . .     Faith    .     e - +0 buckler
rPois  .         Spirit   .     (helmet restricted)
rElec  .         Dismiss  .     (no cloak)
rCorr  .         Reflect  .     (no gloves)
SustAt .         Harm     .     n - +1 pair of boots
MR     .....                    (no amulet)
Stlth  +.........               l - ring of wizardry
                                g - +3 ring of intelligence

@: brilliant, slowed, very slow, not resistant to hostile enchantments, very
unstealthy
A: unfitting armour, big wings, agile 1, screaming 1, cold-blooded, AC +5
a: Fly, Berserk, Trog's Hand, Burn Spellbooks, Renounce Religion


You were on level 3 of the Dungeon.
You worshipped Trog.
Trog was pleased with you.
You were not hungry.

You visited 1 branch of the dungeon, and saw 3 of its levels.

You collected 126 gold pieces.

Inventory:

Hand Weapons
 a - a +0 spear
 k - a +0 spear (weapon)
Armour
 d - a +1 animal skin
 e - a +0 buckler (worn)
 n - a +1 pair of boots (worn)
Jewellery
 g - a +3 ring of intelligence (left hand)
 l - a ring of wizardry (right hand)
Scrolls
 h - a scroll of remove curse
Comestibles
 b - a bread ration
 c - 2 meat rations
 f - 3 beef jerkies
 i - 4 chunks of flesh


   Skills:
 + Level 4.2 Fighting
 - Level 3.0 Polearms
 + Level 4.4 Dodging
 * Level 0.0 Shields


You had 3 spell levels left.
You didn't know any spells.

Dungeon Overview and Level Annotations

Branches:
Dungeon (3/15)

Altars:
Ashenzari
Elyvilon
Kikubaaqudgha
Pakellas
Sif Muna
Vehumet

Annotations:
D:3 Natasha


Innate Abilities, Weirdness & Mutations

Your plain brown scales are hard (AC +5).
Your body does not fit into most forms of armour.
You are cold-blooded and may be slowed by cold attacks.
Your large and strong wings let you fly indefinitely.
You are agile. (Dex +2)
You occasionally shout uncontrollably at your foes.


Message History

Natasha is moderately wounded.
Natasha wildly gestures.
You feel troubled. Natasha barely misses you.
You hit Natasha.
Natasha is heavily wounded.
Natasha closely misses you. Natasha claws you.
* * * LOW HITPOINT WARNING * * *
Drink which item? (? for menu, Esc to quit)
It was a potion of brilliance.
You feel clever all of a sudden. Natasha claws you.
* * * LOW HITPOINT WARNING * * *
Natasha casts a spell at you. You resist with some effort.
You hit Natasha.
Natasha is severely wounded.
Natasha claws you.
You die...

#.._..._..#####.......
#.........#
#._..⌠.._.#
###...^.....#
....._..._..#
###.........#
#.##...##w# #
######h######
........@....#
############.#


You could see Natasha and a dart slug.

Vanquished Creatures
  Robin (D:2)
  A gnoll (D:1)
  3 adders
  An ooze (D:1)
  3 dart slugs (D:1)
  9 bats
  3 giant cockroaches
  12 goblins
  7 hobgoblins
  5 kobolds
  A quokka (D:2)
  A giant newt (D:1)
  3 rats (D:1)
50 creatures vanquished.

Notes
Turn   | Place    | Note
--------------------------------------------------------------
     0 | D:1      | go0n the Draconian Berserker began the quest for the Orb.
     0 | D:1      | Reached XP level 1. HP: 19/19 MP: 1/1
    93 | D:1      | Reached XP level 2. HP: 18/26 MP: 2/2
   606 | D:1      | Gained mutation: You occasionally shout uncontrollably at your foes. [potion of mutation]
   606 | D:1      | Gained mutation: Your large and strong wings let you fly indefinitely. [potion of mutation]
   606 | D:1      | Gained mutation: You are agile. (Dex +2) [potion of mutation]
   688 | D:1      | Reached ** piety under Trog
   795 | D:1      | Reached XP level 3. HP: 21/33 MP: 3/3
  1640 | D:2      | Noticed Robin
  1656 | D:2      | Reached XP level 4. HP: 40/40 MP: 4/4
  1698 | D:2      | Killed Robin
  2221 | D:3      | Found an ancient bone altar of Kikubaaqudgha.
  2227 | D:3      | Found a radiant altar of Vehumet.
  2229 | D:3      | Found an oddly glowing altar of Pakellas.
  2229 | D:3      | Found a deep blue altar of Sif Muna.
  2230 | D:3      | Found a white marble altar of Elyvilon.
  2230 | D:3      | Found a shattered altar of Ashenzari.
  2233 | D:3      | Noticed Natasha
  2261 | D:3      | HP: 2/40 [Natasha (6)]
  2263 | D:3      | Slain by Natasha

Skill      XL: |  1  2  3  4 |
---------------+-------------+-----
Dodging        | 3 4 |  4.4
Fighting       | 4 |  4.2
Polearms       | |  3.0

Action                   |  1- 3 |  4- 6 || total
-------------------------+-------+-------++-------
Melee: Spear             |   132 |    64 ||   196
       Tailslap          |    18 |     7 ||    25
Invok: Berserk           |       |     1 ||     1
       Trog's Hand       |       |     1 ||     1
  Use: Potion            |     3 |     3 ||     6
       Scroll            |     1 |     5 ||     6
 Stab: Sleeping          |     2 |       ||     2
  Eat: Chunk             |     1 |     3 ||     4
       Beef jerky        |     1 |       ||     1
Armor: Skin              |    41 |    12 ||    53
Dodge: Dodged            |    88 |    38 ||   126
Block: Buckler           |       |     4 ||     4
